 Dungeon Crawl Stone Soup version 0.30-a0-989-g0d87f670db (webtiles) character file.

Game seed: 14063763968018541131

2874 DeathPants the Carver (level 9, -7/48 HPs)
             Began as a Vine Stalker Gladiator on Apr 2, 2023.
             Splashed by a brown ugly thing's acid (8 damage)
             ... on level 6 of the Dungeon.
             The game lasted 00:15:27 (5636 turns).

DeathPants the Carver (Vine Stalker Gladiator)      Turns: 5636, Time: 00:15:27

Health: -7/48      AC:  2    Str: 16    XL:     9   Next: 76%
Magic:  0/16       EV: 15    Int: 12    God:
Gold:   371        SH:  0    Dex: 25    Spells: 16/16 levels left

rFire   + + +      SeeInvis .    b - +2 falchion (holy)
rCold   + . .      Faith    .    (no shield)
rNeg    . . .      Spirit   +    s - +2 robe {rC+ rF+}
rPois   +          Reflect  .    p - +0 helmet
rElec   .          Rampage  .    i - +0 cloak
rCorr   .                        r - +3 pair of gloves of the Wheelwright {rPois rF+ Int+2}
Will    +....                    (no boots)
Stlth   ++                       z - amulet of magic regeneration
HPRegen 1.08/turn                m - ring of protection from fire
MPRegen 0.55/turn                u - +6 ring of dexterity

@: corroded
A: fangs 3, regeneration 1, magic shield, antimagic bite, no potion heal 2
a: no special abilities


You were on level 6 of the Dungeon.
You visited 1 branch of the dungeon, and saw 7 of its levels.

You collected 421 gold pieces.
You spent 50 gold pieces at shops.

Inventory:

Hand Weapons
 a - a +0 long sword
 b - a +2 falchion of holy wrath (weapon)
Missiles
 c - 2 atropa-tipped darts (quivered)
 d - a throwing net
 e - a javelin
 B - 2 boomerangs
Armour
 i - a +0 cloak (worn)
 p - a +0 helmet (worn)
 r - the +3 pair of gloves of the Wheelwright (worn) {rPois rF+ Int+2}
   (You found it on level 3 of the Dungeon)

   Int:       It affects your intelligence (+2).
   rF:        It protects you from fire.
   rPois:     It protects you from poison.
 s - a +2 robe of resistance (worn)
Jewellery
 m - a ring of protection from fire (left hand)
 u - a +6 ring of dexterity (right hand)
 z - an amulet of magic regeneration (around neck)
Wands
 y - a wand of iceblast (14)
Scrolls
 f - 2 scrolls of teleportation
 g - 2 scrolls of magic mapping
 A - a scroll of fear
Potions
 h - a potion of attraction
 j - a potion of resistance
 k - a potion of haste
 l - a potion of invisibility
 n - 2 potions of mutation {unknown}
 o - 6 potions of curing
 q - 2 potions of heal wounds {unknown}
 t - a potion of lignification {unknown}
 v - 4 potions of flight {unknown}
 w - a potion of degeneration {unknown}
 x - a potion of magic {unknown}


   Skills:
 + Level 5.9 Fighting
 * Level 8.6 Long Blades
 - Level 1.7 Throwing
 - Level 3.1 Armour
 - Level 4.1 Dodging
 + Level 4.4 Spellcasting


You had 16 spell levels left.
You didn't know any spells.
Your spell library contained the following spells:

 Spells                   Type           Power      Damage    Failure   Level
 Beastly Appendage        Tmut           4%         N/A       22%         1
 Magic Dart               Conj           8%         1d3       22%         1
 Sandblast                Erth           4%         2d4       22%         1
 Shock                    Conj/Air       8%         1d3       22%         1
 Call Imp                 Summ           2%         N/A       32%         2
 Passwall                 Tmut/Erth      1%         N/A       32%         2
 Wereblood                Tmut           2%         N/A       32%         2
 Mephitic Cloud           Conj/Pois/Air  2%         N/A       54%         3
 Spider Form              Tmut/Pois      2%         N/A       54%         3
 Stone Arrow              Conj/Erth      4%         3d7       54%         3
 Swiftness                Air            2%         N/A       54%         3
 Airstrike                Air            1%         2d(1-17)  91%         4


Dungeon Overview and Level Annotations

Branches:
Dungeon (7/15)
 Temple: D:4-7

Altars:
Ashenzari
Cheibriados
Okawaru
Ru
Sif Muna
Wu Jian
The Shining One

Shops:
D:2 :   D:5 **


Innate Abilities, Weirdness & Mutations

You have razor-sharp teeth.
Your natural rate of healing is unusually fast.
When hurt, damage is shared between your health and your magic reserves.
Your bite disrupts and absorbs the magic of your enemies.
Potions cannot restore your health.


Message History

The brown ugly thing barely misses you.
You hit the brown ugly thing. You bite the brown ugly thing.
You drain its power.
The brown ugly thing is moderately wounded.
The brown ugly thing misses you.
You closely miss the brown ugly thing. Your bite misses the brown ugly thing.
The brown ugly thing is moderately wounded.
The brown ugly thing tentacle-slaps you but does no damage.
You hit the brown ugly thing.
The brown ugly thing is moderately wounded.
You completely miss the brown ugly thing.
Your bite misses the brown ugly thing.
The brown ugly thing is moderately wounded.
The brown ugly thing tentacle-slaps you.
You are splashed with acid!
You hit the brown ugly thing. Your bite misses the brown ugly thing.
The brown ugly thing is moderately wounded.
The brown ugly thing tentacle-slaps you.
You are splashed with acid!
You hit the brown ugly thing but do no damage.
Your bite misses the brown ugly thing.
The brown ugly thing is moderately wounded.
The brown ugly thing tentacle-slaps you!
The acid corrodes you!
You are splashed with acid!
You slash the brown ugly thing!
The brown ugly thing is heavily wounded.
The brown ugly thing tentacle-slaps you.
* * * LOW HITPOINT WARNING * * *
You are splashed with acid!
* * * LOW HITPOINT WARNING * * *
You hit the brown ugly thing but do no damage.
You bite the brown ugly thing, but do no damage.
The brown ugly thing is heavily wounded.
The brown ugly thing barely misses you.
You barely miss the brown ugly thing.
The brown ugly thing is heavily wounded.
The brown ugly thing tentacle-slaps you!
* * * LOW HITPOINT WARNING * * *
The acid corrodes you!
You are splashed with acid!
You die...

### ##.## #####
#.#.####### #.@.#
.#........# #u#.##
#...#####.#####$#[.###
##.## #.....###....#
#.# ####### ####.# #.#
#.# #.# #.# #.#
##.########## #.#
##########.>.........#


You could see a brown ugly thing.

Vanquished Creatures
  Pikel (D:3)
  Prince Ribbit (D:5)
  A steam dragon (D:5)
  An acid dragon (D:7)
  An orc warrior (D:6)
  2 black bears
  2 ogres
  2 lemures (D:3)
  3 phantoms
  A gnoll sergeant (D:5)
  4 scorpions
  4 wights (D:6)
  2 howler monkeys (D:6)
  3 jellies
  2 hounds
  An orc priest (D:6)
  Jessica (D:2)
  A sleepcap (D:5)
  6 iguanas
  5 orc wizards
  6 gnolls
  6 adders
  A white imp (D:5)
  3 worms
  3 dart slugs
  12 orcs
  10 ball pythons
  7 bats
  6 endoplasms
  A giant cockroach (D:4)
  5 goblins
  3 hobgoblins
  7 jackals (D:2)
  11 kobolds
  3 quokkas
  5 frilled lizards
  5 rats
138 creatures vanquished.

Notes
Turn   | Place    | Note
-------+----------+-------------------------------------------
     0 | D:1      | DeathPants the Vine Stalker Gladiator began the quest for
                  | the Orb.
     0 | D:1      | Reached XP level 1. HP: 11/11 MP: 2/2
   104 | D:1      | Reached XP level 2. HP: 15/15 MP: 3/3
   134 | D:2      | Reached skill level 3 in Long Blades
   526 | D:1      | Reached XP level 3. HP: 18/18 MP: 4/4
   562 | D:2      | Found Qinigecw's Book Shop.
   782 | D:1      | Found a faded altar of an unknown god.
  1208 | D:2      | Reached skill level 1 in Armour
  1402 | D:2      | Found a shimmering blue altar of Sif Muna.
  1437 | D:2      | Gained mutation: Your natural rate of healing is unusually
                  | fast. [Vine Stalker growth]
  1437 | D:2      | Reached XP level 4. HP: 23/23 MP: 5/5
  1502 | D:2      | Noticed Jessica
  1510 | D:2      | Killed Jessica
  1923 | D:3      | Reached XP level 5. HP: 27/27 MP: 6/6
  1999 | D:3      | Found an iron altar of Okawaru.
  2031 | D:4      | Noticed Pikel
  2031 | D:4      | Noticed a lemure
  2031 | D:4      | Noticed a lemure
  2031 | D:4      | Noticed a lemure
  2031 | D:4      | Noticed a lemure
  2048 | D:3      | Killed a lemure
  2127 | D:3      | Identified the +3 pair of gloves of the Wheelwright {rPois
                  | rF+ Int+2}
  2309 | D:3      | Found a snail-covered altar of Cheibriados.
  2382 | D:3      | Killed a lemure
  2384 | D:3      | Paralysed by Pikel for 2 turns
  2388 | D:3      | Paralysed by Pikel for 5 turns
  2413 | D:3      | Killed Pikel
  2414 | D:3      | Reached skill level 5 in Long Blades
  2414 | D:3      | Reached XP level 6. HP: 20/32 MP: 3/7
  2414 | D:3      | Reached XP level 7. HP: 23/36 MP: 3/8
  2477 | D:5      | Entered Level 5 of the Dungeon
  2795 | D:5      | Gained mutation: You have razor-sharp teeth. [Vine Stalker
                  | growth]
  2795 | D:5      | Reached XP level 8. HP: 42/42 MP: 9/9
  3665 | D:6      | Reached skill level 6 in Long Blades
  3677 | D:6      | Reached skill level 1 in Spellcasting
  3946 | D:5      | Found a sacrificial altar of Ru.
  4003 | D:5      | Found a broken altar of Ashenzari.
  4108 | D:5      | Reached skill level 7 in Long Blades
  4409 | D:5      | Noticed Prince Ribbit
  4422 | D:5      | Killed Prince Ribbit
  4423 | D:5      | Reached skill level 5 in Fighting
  4423 | D:5      | Reached XP level 9. HP: 38/47 MP: 14/14
  4442 | D:5      | Found Ybryfy's General Store.
  4445 | D:5      | Found Otejiduv's Specific Store.
  4454 | D:5      | Bought a potion of curing for 30 gold pieces
  4454 | D:5      | Bought a scroll of identify for 20 gold pieces
  4872 | D:7      | Found a glowing golden altar of the Shining One.
  4995 | D:6      | Reached skill level 8 in Long Blades
  5163 | D:6      | Found an ornate altar of the Wu Jian Council.
  5621 | D:6      | Noticed a brown ugly thing
  5636 | D:6      | HP: 1/48 [brown ugly thing (9)]
  5636 | D:6      | Splashed by a brown ugly thing's acid

Illustrated notes

Levels and vault maps discovered:
D:1:      nzn_arrival_depleted_hourglass, layout_loops_ring,
          nicolae_ecumenical_lake_church
D:2:      layout_basic, basic_altar, serial_shops, nicolae_shop_waterfront,
          minmay_pentomino_x4, uniq_jessica
D:3:      layout_rooms, okawaru_gym_becter, chei_slow_surprise,
          wander_ebering_terrifying_dragon_lair
D:4:      layout_basic, uniq_pikel
D:5:      layout_basic, mainiacjoe_overflow_big_doors, fountainhead,
          minmay_misc_feat_five, nicolae_specific_store, uniq_prince_ribbit1
D:6:      layout_loops_ring, marbit_many_paths, minmay_microvault
D:7:      layout_basic, overflow_temple_1_default, trog_book, temple_green

Skill      XL: |  1  2  3  4  5  6  7  8  9 |
---------------+----------------------------+-----
Fighting       | 2 3 5 |  5.9
Long Blades    | 3 5 7 8 |  8.6
Armour         | 1 2 3 |  3.1
Dodging        | 3 4 |  4.1
Spellcasting   | 3 4 |  4.4
Throwing       | |  1.7

Action                     |  1- 3 |  4- 6 |  7- 9 || total
---------------------------+-------+-------+-------++-------
  Melee: Long sword        |   111 |   117 |   242 ||   470
         Bite              |    24 |    33 |   100 ||   157
         Punch             |       |     2 |     4 ||     6
         Falchion          |       |       |    25 ||    25
  Throw: Throwing net      |       |     3 |     1 ||     4
         Dart              |       |       |     4 ||     4
    Use: Scroll            |       |     6 |     7 ||    13
   Stab: Sleeping          |     2 |     1 |     6 ||     9
 Armour: Leather armour    |    44 |       |       ||    44
         Ring mail         |    35 |    12 |       ||    47
         Robe              |       |    32 |    79 ||   111
  Dodge: Dodged            |   150 |    75 |   160 ||   385

Table legend: (Time is in decaauts)
 A = Elapsed time spent in this place.
 B = Non-inter-level travel time spent in this place.
 C = Inter-level travel time spent in this place.
 D = Time resting spent in this place.
 E = Time spent auto-exploring this place.
 F = Levels seen in this place.
 G = Mean time per level.
                   A        B        C        D        E       F      G
               +--------+--------+--------+--------+--------+-----+--------+
         Total |   5705 |   5595 |    110 |    100 |   3761 |   7 |  815.0 |
       Dungeon |   5705 |   5595 |    110 |    100 |   3761 |   7 |  815.0 |
               +--------+--------+--------+--------+--------+-----+--------+

Top non-repeatable levels by time:
     D:5: 1292 daAuts
     D:4: 1028 daAuts
     D:1: 938 daAuts
     D:2: 890 daAuts
     D:6: 812 daAuts
     D:3: 680 daAuts
     D:7: 62 daAuts
